 Dungeon Crawl Stone Soup version 0.26.1-11-gd32895ea62 (webtiles) character file.

Game seed: 15040160352841868504

665 Zeld the Shield-Bearer (level 7, -11/64 HPs)
             Began as a Deep Dwarf Fighter on June 12, 2021.
             Was a Follower of Makhleb.
             Splashed by Ijyb's acid (13 damage)
             ... on level 4 of the Dungeon.
             The game lasted 00:03:12 (3409 turns).

Zeld the Shield-Bearer (Deep Dwarf Fighter)         Turns: 3409, Time: 00:03:13

Health: -11/64     AC:  4    Str: 22    XL:     7   Next: 31%
Magic:  6/6        EV:  8    Int:  8    God:    Makhleb [*.....]
Gold:   20         SH: 10    Dex: 12    Spells: 6/6 levels left

rFire    . . .     SeeInvis .   a - +0 war axe
rCold    . . .     Faith    .   c - +0 kite shield
rNeg     . . .     Spirit   .   b - +0 scale mail
rPois    .         Reflect  .   (no helmet)
rElec    .         Harm     .   (no cloak)
rCorr    .         Rampage  .   s - +0 pair of gloves
Will     +....                  (no boots)
Stlth    ..........             (no amulet)
HPRegen  0.00/turn              (no ring)
MPRegen  0.10/turn              (no ring)

@: corroded, non-regenerating
A: damage resistance, heal wounds, sense surroundings 1, no regeneration
a: Heal Wounds, Renounce Religion


You were on level 4 of the Dungeon.
You worshipped Makhleb.
Makhleb was aware of your devotion.
You visited 1 branch of the dungeon, and saw 4 of its levels.

You collected 162 gold pieces.
You spent 142 gold pieces at shops.

Inventory:

Hand Weapons
 a - a +0 war axe (weapon)
Armour
 b - a +0 scale mail (worn)
 c - a +0 kite shield (worn)
 s - a +0 pair of gloves (worn)
Jewellery
 f - an uncursed ring of positive energy
 l - an uncursed ring of positive energy
Scrolls
 d - a scroll of fog {unknown}
 h - a scroll of remove curse {unknown}
 j - 7 scrolls of identify {unknown}
 m - 7 scrolls of teleportation {unknown}
 n - 3 scrolls of enchant weapon {unknown}
 o - 2 scrolls of blinking {unknown}
 t - a scroll of silence {unknown}
Potions
 e - a potion of haste {unknown}
 g - a potion of cancellation {unknown}
 i - a potion of degeneration {unknown}
 k - 3 potions of brilliance {unknown}
 p - 3 potions of curing {unknown}
 q - 2 potions of flight {unknown}
 r - a potion of berserk rage {unknown}
 u - a potion of might
 v - a potion of ambrosia {unknown}


   Skills:
 + Level 4.1 Fighting
 * Level 5.9 Axes
 - Level 3.2 Armour
 * Level 6.4 Shields


You had 6 spell levels left.
You didn't know any spells.
Your spell library was empty.

Dungeon Overview and Level Annotations

Branches:
Dungeon (4/15)
 Temple: D:4-7

Altars:
Makhleb
Sif Muna
Trog
Zin
The Shining One

Shops:
D:4 **

Annotations:
D:4 Ijyb


Innate Abilities, Weirdness & Mutations

You are resistant to damage.
You can heal yourself by infusing magical energy.
You passively map a small area around you.
You do not regenerate.


Message History

A giant cockroach and Ijyb come into view.
Ijyb is carrying a wand of acid (10).
Ijyb shouts!
There are monsters nearby!
There are monsters nearby!
There are monsters nearby!
You closely miss Ijyb.
Ijyb zaps a wand.
The bolt of acid hits you! The acid corrodes you!
You are splashed with acid!
You slash Ijyb!
Ijyb is moderately wounded.
Ijyb zaps a wand.
The bolt of acid hits you!
You are splashed with acid!
* * * LOW HITPOINT WARNING * * *
Ijyb hits you.
* * * LOW HITPOINT WARNING * * *
You hit Ijyb but do no damage.
Ijyb is moderately wounded.
Ijyb zaps a wand.
The bolt of acid hits you!
* * * LOW HITPOINT WARNING * * *
You are splashed with acid!
You die...

########## #........#
#........# #........#
#........#
#........#########
*#######................#
, ,
.....Bg@.....†.....[...#
*
#######................#
####..##.........#
##.##.........# *
#.############ , , #..#
##.## * , ,
,.######..####### ,,
................,


You could see Ijyb and a giant cockroach.

Vanquished Creatures
  Grinder (D:3)
  A hound (D:2)
  2 orc wizards (D:3)
  2 bullfrog skeletons
  2 orc priests (D:3)
  A centaur skeleton (D:4)
  An iguana (D:4)
  Natasha (thrice) (D:3)
  2 adders (D:3)
  An ooze (D:1)
  2 worms
  2 leopard geckos
  17 orcs (D:3)
  4 goblins
  9 hobgoblins
  7 jackals
  3 quokkas (D:3)
  A ball python (D:3)
  9 bats
  5 frilled lizards
  6 kobolds
  5 rats
86 creatures vanquished.

Notes
Turn   | Place    | Note
-------+----------+-------------------------------------------
     0 | D:1      | Zeld the Deep Dwarf Fighter began the quest for the Orb.
     0 | D:1      | Reached XP level 1. HP: 20/20 MP: 1/1
   133 | D:1      | Reached XP level 2. HP: 24/27 MP: 2/2
   880 | D:2      | Reached XP level 3. HP: 18/33 MP: 3/3
   896 | D:2      | Found a shimmering blue altar of Sif Muna.
   896 | D:2      | Found a bloodstained altar of Trog.
   896 | D:2      | Found a glowing silver altar of Zin.
  1071 | D:2      | Found a burning altar of Makhleb.
  1084 | D:2      | Reached skill level 4 in Shields
  1092 | D:2      | Became a worshipper of Makhleb the Destroyer
  1181 | D:2      | Reached XP level 4. HP: 42/42 MP: 4/4
  1288 | D:2      | Found a glowing golden altar of the Shining One.
  1616 | D:3      | Found a faded altar of an unknown god.
  1786 | D:3      | Reached XP level 5. HP: 48/49 MP: 5/5
  1796 | D:3      | Reached * piety under Makhleb
  1924 | D:3      | Reached skill level 5 in Shields
  2244 | D:3      | Noticed Natasha
  2267 | D:3      | Killed Natasha
  2268 | D:3      | Reached XP level 6. HP: 32/56 MP: 6/6
  2305 | D:3      | Noticed Grinder
  2330 | D:3      | Killed Grinder
  2331 | D:3      | Reached skill level 5 in Axes
  2331 | D:3      | Reached skill level 6 in Shields
  2442 | D:3      | Noticed Natasha
  2459 | D:3      | Reached XP level 7. HP: 54/64 MP: 7/7
  2459 | D:3      | Killed Natasha
  2581 | D:3      | Noticed Natasha
  2584 | D:3      | Found a faded altar of an unknown god.
  2596 | D:3      | Killed Natasha
  3274 | D:4      | Found Kogex's Assorted Antiques.
  3281 | D:4      | Bought a scroll labelled ITHURE OTAFI for 16 gold pieces
  3281 | D:4      | Bought a scroll labelled LATUIKHLOOMN for 16 gold pieces
  3281 | D:4      | Bought a scroll labelled TEAZXUUR SUKK for 16 gold pieces
  3281 | D:4      | Bought a scroll labelled XEAXTO RESUIW for 16 gold pieces
  3281 | D:4      | Bought 2 sedimented emerald potions for 28 gold pieces
  3281 | D:4      | Bought a scroll labelled LATUIKHLOOMN for 16 gold pieces
  3281 | D:4      | Bought a murky puce potion for 14 gold pieces
  3353 | D:4      | Found Geliatec's Assorted Antiques.
  3356 | D:4      | Bought a lumpy inky potion for 20 gold pieces
  3406 | D:4      | Noticed Ijyb
  3409 | D:4      | HP: 2/64 [Ijyb/bolt of acid (8)]
  3409 | D:4      | Splashed by Ijyb's acid

Illustrated notes

Levels and vault maps discovered:
D:1:      psy_arrival_radial02, layout_basic, serial_curves, eino_curves_03,
          eino_curves_01, minmay_tetromino_i4
D:2:      layout_loops_ring, nicolae_tso_swordbearing_angel,
          makhleb_heckhound_becter, gammafunk_temple_overflow_claw,
          dk_noncrumbling_3
D:3:      layout_loops_corners, chequers_ecumenical_altar_island, uniq_natasha,
          uniq_grinder
D:4:      layout_basic, serial_shops, nicolae_shop_overgrown_old_shop,
          shop_statue, kennysheep_mini, shop, nicolae_shop_waterfront,
          gammafunk_ghost_arena, grunt_decor_mini_mirrors, uniq_pikel, uniq_ijyb

Skill      XL: |  1  2  3  4  5  6 |
---------------+-------------------+-----
Axes           | 3 4 5 |  5.9
Fighting       | 3 4 |  4.1
Shields        | 4 5 6 |  6.4
Armour         | |  3.2

Action                   |  1- 3 |  4- 6 |  7- 9 || total
-------------------------+-------+-------+-------++-------
Melee: War axe           |   102 |   166 |    39 ||   307
 Abil: Heal Wounds       |     1 |     6 |     1 ||     8
  Use: Potion            |       |     1 |       ||     1
Armor: Scale mail        |    57 |    39 |    14 ||   110
Dodge: Dodged            |    38 |    41 |    12 ||    91
Block: Kite shield       |    65 |    74 |    18 ||   157
